 Dungeon Crawl Stone Soup version 0.20.2-3-g29329e0561 (webtiles) character file.

813 Alfie the Covered (level 7, -11/61 HPs)
             Began as a Minotaur Fighter on Jan 18, 2024.
             Mangled by an ogre
             ... wielding a +0 giant club
              (20 damage)
             ... on level 6 of the Dungeon.
             The game lasted 00:11:16 (3290 turns).

Alfie the Covered (Minotaur Fighter)                Turns: 3290, Time: 00:11:17

Health: -11/61     AC: 10    Str: 23    XL:     7   Next: 61%
Magic:  6/6        EV:  7    Int:  5    God:
Gold:   317        SH: 17    Dex:  9    Spells: 4/6 levels left

rFire    + . .     SeeInvis .   a - +0 rapier
rCold    . . .     Gourm    .   l - +2 large shield
rNeg     . . .     Faith    .   b - +1 scale mail
rPois    .         Spirit   .   (helmet restricted)
rElec    .         Reflect  .   (no cloak)
rCorr    .         Harm     .   (no gloves)
MR       .....                  u - +1 pair of boots
Stlth    ..........             (no amulet)
Regen    0.2/turn               h - ring of protection from fire
MPRegen  0.1/turn               (no ring)

@: about to teleport
A: retaliatory headbutt, horns 2
a: no special abilities


You were on level 6 of the Dungeon.
You were hungry.

You visited 1 branch of the dungeon, and saw 6 of its levels.

You collected 317 gold pieces.

Inventory:

Hand Weapons
 a - a +0 rapier (weapon)
Armour
 b - a +1 scale mail (worn)
 l - a +2 large shield (worn)
 u - a +1 pair of boots (worn)
Jewellery
 h - a ring of protection from fire (left hand)
Wands
 x - a wand of random effects (36/48)
Scrolls
 d - a scroll of noise {unknown}
 o - 3 scrolls of teleportation
 p - 3 scrolls of fear
 r - a scroll of fog {unknown}
 t - a scroll of recharging
 w - 2 scrolls of enchant weapon {unknown}
 y - a scroll of immolation {unknown}
 z - a scroll of remove curse
Potions
 e - 3 potions of curing
 j - 4 potions of invisibility
 k - 2 potions of magic {unknown}
 m - a potion of agility {unknown}
 n - a potion of mutation {unknown}
 q - 2 potions of heal wounds {unknown}
 s - a potion of degeneration {unknown}
 v - a potion of resistance {unknown}
Comestibles
 f - 3 bread rations
 g - 3 royal jellies
 i - 2 meat rations


   Skills:
 + Level 5.0 Fighting
 + Level 5.4 Short Blades
 + Level 6.1 Armour
 + Level 2.9 Dodging
 + Level 0.1 Stealth
 + Level 5.8 Shields
 + Level 1.0 Evocations


You had 4 spell levels left.
You knew the following spells:

 Your Spells              Type           Power        Failure   Level  Hunger
a - Corona                Hex            #......      100%        1    ##.....
b - Animate Skeleton      Necr           N/A          100%        1    ##.....


Dungeon Overview and Level Annotations

Branches:
Dungeon (6/15)
 Temple: D:4-7

Altars:
Cheibriados
Gozag
Makhleb
Qazlal
Ru
Trog
Vehumet

Annotations:
D:6 Grinder


Innate Abilities, Weirdness & Mutations

You reflexively headbutt those who attack you in melee.
You have a pair of horns on your head.


Message History

The ogre barely misses you.
You hit the ogre.
The ogre is lightly wounded.
You block the hobgoblin's attack. You block the ogre's attack.
You puncture the ogre!
The ogre is severely wounded.
You block the hobgoblin's attack. The ogre hits you with a giant club!
* * * LOW HITPOINT WARNING * * *
You closely miss the ogre. Your headbutt misses the ogre.
The ogre is severely wounded.
You block the hobgoblin's attack. The ogre hits you with a giant club!
* * * LOW HITPOINT WARNING * * *
You closely miss the ogre.
The ogre is severely wounded.
You block the hobgoblin's attack.
Grinder blinks!
As you read the scroll of teleportation, it crumbles to dust.
You feel strangely unstable.
You are feeling hungry.
The ogre hits you with a giant club!!
You die...

###########
##...#...... .
##.........## ##
#...........# #.
#)..........# ### #.
#...........# #.# #.
#...g.....#####.####
#.@O.....†.........
###§###..##........
#..###....#....#.
##..........##.##
##.....##..##..#
###...5.###....#..
####.....###.(#.##.
####.....####.#.###
#................ .


You could see Grinder, an ogre and a hobgoblin.

Vanquished Creatures
  2 ogres
  A scorpion (D:4)
  A crimson imp (D:5)
  3 hounds
  2 orc priests
  A bullfrog skeleton (D:5)
  An iguana (D:6)
  3 orc wizards
  Terence (D:3)
  4 worker ants
  A mummy (D:6)
  A howler monkey zombie (D:5)
  4 adders
  3 gnolls (D:5)
  An adder zombie (D:2)
  2 worms
  3 dart slugs
  A leopard gecko (D:6)
  5 orcs
  6 bats
  2 giant cockroaches
  8 hobgoblins
  4 jackals (D:5)
  A quokka (D:4)
  A frilled lizard (D:3)
  8 goblins
  A jackal zombie (D:6)
  4 kobolds
  A leopard gecko skeleton (D:2)
  2 rats
78 creatures vanquished.

Notes
Turn   | Place    | Note
-------+----------+-------------------------------------------
     0 | D:1      | Alfie the Minotaur Fighter began the quest for the Orb.
     0 | D:1      | Reached XP level 1. HP: 19/19 MP: 0/0
    58 | D:1      | Reached XP level 2. HP: 23/27 MP: 1/1
   176 | D:1      | Reached skill level 4 in Armour
   522 | D:2      | Learned a level 1 spell: Corona
   672 | D:2      | Reached XP level 3. HP: 24/33 MP: 2/2
   674 | D:2      | Found a radiant altar of Vehumet.
   674 | D:2      | Found a bloodstained altar of Trog.
  1236 | D:3      | Reached XP level 4. HP: 21/40 MP: 3/3
  1303 | D:3      | Found a faded altar of an unknown god.
  1303 | D:3      | Found a stormy altar of Qazlal.
  1460 | D:3      | Learned a level 1 spell: Animate Skeleton
  1494 | D:3      | Found a sacrificial altar of Ru.
  1545 | D:3      | Noticed Terence
  1561 | D:3      | Killed Terence
  1561 | D:3      | Reached XP level 5. HP: 35/46 MP: 4/4
  1998 | D:4      | Noticed an ogre
  2005 | D:4      | Killed an ogre
  2005 | D:4      | Reached skill level 1 in Dodging
  2325 | D:4      | Reached skill level 5 in Armour
  2325 | D:4      | Reached XP level 6. HP: 51/53 MP: 5/5
  2340 | D:4      | Reached skill level 5 in Shields
  2347 | D:4      | Found a burning altar of Makhleb.
  2543 | D:4      | Found an opulent altar of Gozag.
  2615 | D:5      | Entered Level 5 of the Dungeon
  2656 | D:5      | Reached skill level 5 in Short Blades
  2791 | D:5      | Reached XP level 7. HP: 48/60 MP: 6/6
  3030 | D:5      | Reached skill level 6 in Armour
  3190 | D:6      | Reached skill level 5 in Fighting
  3195 | D:6      | Noticed Grinder
  3245 | D:6      | Found a snail-covered altar of Cheibriados.
  3266 | D:6      | Reached skill level 1 in Evocations
  3290 | D:6      | Mangled by an ogre

Skill      XL: |  1  2  3  4  5  6  7 |
---------------+----------------------+-----
Armour         | 4 5 6 |  6.1
Shields        | 4 5 |  5.8
Fighting       | 4 5 |  5.0
Short Blades   | 3 4 5 |  5.4
Dodging        | 1 2 |  2.9
Evocations     | 1 |  1.0
Stealth        | |  0.1

Action                   |  1- 3 |  4- 6 |  7- 9 || total
-------------------------+-------+-------+-------++-------
Melee: Rapier            |    78 |   108 |    76 ||   262
       Headbutt          |    12 |    20 |    10 ||    42
Evoke: Wand              |       |     7 |     3 ||    10
  Use: Scroll            |       |    11 |     1 ||    12
       Potion            |       |     1 |       ||     1
  Eat: Fruit             |     1 |     3 |       ||     4
       Royal jelly       |       |     2 |       ||     2
Armor: Scale mail        |    31 |    32 |    50 ||   113
Dodge: Dodged            |    19 |    24 |    27 ||    70
Block: Shield            |    46 |    53 |    14 ||   113
       Large shield      |       |       |    57 ||    57
